 Dungeon Crawl Stone Soup version 0.26.1-11-gd32895ea62 (webtiles) character file.

Game seed: 8452245018351896158

757 Zeld the Shield-Bearer (level 7, -13/50 HPs)
             Began as an Octopode Fighter on May 11, 2021.
             Mangled by an ogre
             ... wielding a +0 giant spiked club
              (27 damage)
             ... on level 4 of the Dungeon.
             The game lasted 00:07:19 (6190 turns).

Zeld the Shield-Bearer (Octopode Fighter)           Turns: 6190, Time: 00:07:20

Health: -13/50     AC:  1    Str: 17    XL:     7   Next: 79%
Magic:  8/8        EV: 12    Int: 11    God:
Gold:   212        SH:  9    Dex: 11    Spells: 8/8 levels left

rFire    . . .     SeeInvis .   a - +0 war axe
rCold    . . .     Faith    .   b - +0 kite shield
rNeg     . . .     Spirit   .   (helmet restricted)
rPois    .         Reflect  .   (no amulet)
rElec    .         Harm     .   (no ring)
rCorr    .         Rampage  .   (no ring)
Will     .....                  (no ring)
Stlth    ++........             (no ring)
HPRegen  0.16/turn              (no ring)
MPRegen  0.11/turn              (no ring)
                                (no ring)
                                (no ring)

@: no status effects
A: almost no armour, stealthy swim, amphibious, 8 rings, constrict 8, camouflage
1, gelatinous body 1
a: no special abilities


You were on level 4 of the Dungeon.
You visited 1 branch of the dungeon, and saw 4 of its levels.

You collected 212 gold pieces.

Inventory:

Hand Weapons
 a - a +0 war axe (weapon)
Missiles
 q - 8 boomerangs (quivered)
Armour
 b - a +0 kite shield (worn)
Wands
 f - a wand of flame (13)
 p - a wand of digging (3)
Scrolls
 d - 2 scrolls of identify {unknown}
 g - 6 scrolls of remove curse
 h - a scroll of immolation {unknown}
 i - a scroll of noise {unknown}
 j - 2 scrolls of teleportation {unknown}
 m - a scroll of enchant armour {unknown}
Potions
 c - a potion of might
 e - 2 potions of haste
 k - a potion of invisibility {unknown}
 l - a potion of flight {unknown}
 n - a potion of berserk rage
 o - a potion of heal wounds {unknown}


   Skills:
 - Level 5.4 Fighting
 - Level 5.0 Axes
 * Level 1.2 Throwing
 - Level 3.0 Dodging
 - Level 5.5 Shields
 * Level 1.1 Spellcasting


You had 8 spell levels left.
You didn't know any spells.
Your spell library was empty.

Dungeon Overview and Level Annotations

Branches:
Dungeon (4/15)
 Temple: D:4-7

Altars:
Makhleb


Innate Abilities, Weirdness & Mutations

You cannot wear most types of armour.
You are very stealthy in the water. (Stealth+)
You are amphibious.
You can wear up to eight rings at the same time.
You can use your tentacles to constrict eight enemies at once.
Your skin changes colour to match your surroundings (Stealth+).
Your rubbery body absorbs attacks. (AC +1, EV +1)


Message History

The ogre is heavily wounded.
The ogre misses you.
You barely miss the ogre.
The ogre is heavily wounded.
You hit the ogre.
The ogre is severely wounded.
The ogre closely misses you.
You barely miss the ogre. You squeeze the ogre.
The ogre is almost dead.
The ogre hits you with a +0 giant spiked club!!
* * * LOW HITPOINT WARNING * * *
You are too injured to fight recklessly!
You hit the ogre.
The ogre is almost dead.
The ogre barely misses you.
You barely miss the ogre.
The ogre is almost dead.
The ogre hits you with a +0 giant spiked club!!
Ouch! That really hurt!
You die...

#' #.#### #.#..
##.#.# ##...O#
####....@# ###
.........#.....
####...........
##.###.###.#
#.# .# #.# .
#.# ## #.#
########.#


You could see an ogre.

Vanquished Creatures
  Sigmund (D:4)
  A phantom (D:4)
  Blork the orc (D:4)
  4 orc wizards
  2 orc priests (D:4)
  Ijyb (D:3)
  Terence (D:3)
  2 worker ants (D:4)
  A howler monkey skeleton (D:4)
  6 adders
  A shadow imp (D:4)
  2 worms (D:2)
  3 dart slugs
  2 leopard geckos
  15 orcs
  9 bats
  3 giant cockroaches
  6 goblins
  3 hobgoblins
  8 jackals
  2 quokkas
  8 frilled lizards
  8 kobolds
  4 rats
  A bush (D:2)
95 creatures vanquished.

Vanquished Creatures (others)
  3 plants (D:2)
3 creatures vanquished.

Grand Total: 98 creatures vanquished

Notes
Turn   | Place    | Note
-------+----------+-------------------------------------------
     0 | D:1      | Zeld the Octopode Fighter began the quest for the Orb.
     0 | D:1      | Reached XP level 1. HP: 16/16 MP: 1/1
    40 | D:1      | Reached XP level 2. HP: 14/21 MP: 2/2
   433 | D:1      | Reached XP level 3. HP: 26/26 MP: 3/3
   741 | D:2      | Reached XP level 4. HP: 9/31 MP: 4/4
   993 | D:2      | Found a burning altar of Makhleb.
  2865 | D:3      | Reached XP level 5. HP: 37/37 MP: 5/5
  3540 | D:3      | Noticed Terence
  3548 | D:3      | Killed Terence
  3972 | D:4      | Reached XP level 6. HP: 7/44 MP: 6/6
  3993 | D:4      | HP: 2/44 [poisoned by a worker ant]
  4312 | D:4      | Noticed Blork the orc
  4320 | D:4      | Killed Blork the orc
  4464 | D:4      | Noticed Ijyb
  5048 | D:3      | Killed Ijyb
  5383 | D:4      | Noticed a phantom
  5417 | D:4      | Killed a phantom
  5418 | D:4      | Reached skill level 5 in Fighting
  5418 | D:4      | Reached skill level 5 in Shields
  5418 | D:4      | Reached XP level 7. HP: 41/50 MP: 7/7
  5480 | D:4      | Noticed Sigmund
  5488 | D:4      | Killed Sigmund
  5496 | D:4      | Reached skill level 5 in Axes
  5991 | D:4      | Reached skill level 1 in Throwing
  5995 | D:4      | Reached skill level 1 in Spellcasting
  6190 | D:4      | Mangled by an ogre

Illustrated notes

Levels and vault maps discovered:
D:1:      dpeg_arrival_orchard, layout_basic
D:2:      layout_loops_ring, lemuel_coloured_pillars_altar, serial_forest,
          infiniplex_forest_pool, infiniplex_forest_end_double,
          infiniplex_forest_pool, infiniplex_forest_straight_2,
          infiniplex_forest_clump_cross, minmay_nonomino_d4
D:3:      layout_basic, uniq_terence
D:4:      layout_loops_corners, uniq_crazy_yiuf_cottage, uniq_blork_the_orc,
          uniq_ijyb, uniq_sigmund

Skill      XL: |  1  2  3  4  5  6  7 |
---------------+----------------------+-----
Axes           | 3 4 5 |  5.0
Shields        | 4 5 |  5.5
Fighting       | 4 5 |  5.4
Throwing       | 1 |  1.2
Spellcasting   | 1 |  1.1
Dodging        | |  3.0

Action                   |  1- 3 |  4- 6 |  7- 9 || total
-------------------------+-------+-------+-------++-------
Melee: War axe           |    53 |   166 |    36 ||   255
       Constrict         |    13 |    30 |     8 ||    51
       Tentacles         |     7 |    39 |     7 ||    53
  Use: Potion            |       |     4 |     1 ||     5
       Scroll            |       |     1 |       ||     1
 Stab: Sleeping          |     2 |     6 |     1 ||     9
Armor: Skin              |     3 |     7 |     1 ||    11
Dodge: Dodged            |    30 |    65 |    21 ||   116
Block: Kite shield       |    26 |    57 |    11 ||    94
